 Dungeon Crawl Stone Soup version 0.31.0-9-g3a7656b989 (webtiles) character file.

Game seed: 17260322204046015746

2340 Amaterasu the Covered (level 9, -2/69 HPs)
             Began as a Formicid Fighter on Jan 24, 2024.
             Was a Follower of Makhleb.
             Splashed by a jelly's acid (9 damage)
             ... on level 5 of the Dungeon.
             The game lasted 00:08:11 (5329 turns).

Amaterasu the Covered (Formicid Fighter)            Turns: 5329, Time: 00:08:13

Health: -2/69      AC:  0    Str: 28    XL:     9   Next: 70%
Magic:  11/11      EV: 10    Int:  8    God:    Makhleb [*.....]
Gold:   350        SH:  7    Dex: 13    Spells: 8/8 levels left

rFire   . . .        n - +9 mace of Grim Valour {flame, *Noise rElec Str+3 SInv}
rCold   . . .        c - +1 buckler
rNeg    . . .        r - +0 chain mail
rPois   .            (helmet unavailable)
rElec   +            q - +1 cloak
rCorr   .            (no gloves)
SInv    +            o - +1 pair of boots
Will    .....        (no amulet) Stlth
                     (no ring)
HPRegen 0.31/turn    (no ring)
MPRegen 0.12/turn

%: no passive effects
@: corroded, invisible
A: permanent stasis, dig shafts and tunnels, antennae 3, four strong arms
a: Dig, Shaft Self, Renounce Religion


You were on level 5 of the Dungeon.
You worshipped Makhleb.
Makhleb was aware of your devotion.
You visited 2 branches of the dungeon, and saw 7 of its levels.

You collected 350 gold pieces.

Inventory:

Hand Weapons
 a - a +1 war axe
 n - the +9 mace of Grim Valour (weapon) {flame, *Noise rElec Str+3 SInv}
   (You found it on level 4 of the Dungeon)

   Str+3:     It affects your strength (+3).
   rElec:     It insulates you from electricity.
   SInv:      It lets you see invisible.
   *Noise:    It may make a loud noise when swung.
Missiles
 l - 4 poisoned darts
Armour
 c - a +1 buckler (worn)
 o - a +1 pair of boots (worn)
 q - a +1 cloak (worn)
 r - a +0 chain mail (worn)
Wands
 e - a wand of quicksilver (5)
 j - a wand of polymorph (7)
Scrolls
 b - a scroll of identify
 f - 3 scrolls of amnesia
 m - a scroll of summoning {unknown}
Potions
 d - a potion of might
 h - a potion of ambrosia
 i - a potion of brilliance
 k - 3 potions of curing


   Skills:
 * Level 6.2 Fighting
 * Level 6.1 Axes
 * Level 7.8 Armour
 * Level 3.8 Dodging
 * Level 7.7 Shields
 * Level 3.0 Invocations


You had 8 spell levels left.
You didn't know any spells.
Your spell library contained the following spells:

 Spells                   Type           Power      Damage    Failure   Level
 Lesser Beckoning         Tloc           0%         N/A       96%         2
 Mercury Vapours          Alch/Air       0%         N/A       96%         2
 Momentum Strike          Conj/Tloc      0%         3d8       96%         2
 Static Discharge         Conj/Air       0%         3-3/arc   96%         2
 Inner Flame              Hex/Fire       0%         N/A       99%         3
 Mephitic Cloud           Conj/Alch/Air  0%         N/A       99%         3
 Airstrike                Air            0%         2d(0-16)  100%        4
 Summon Lightning Spire   Summ/Air       0%         N/A       100%        4
 Freezing Cloud           Conj/Ice/Air   0%         6-21      100%        5
 Irradiate                Conj/Alch      0%         3d11      100%        5
 Ignition                 Fire           0%         3d3       100%        8
 Blink                    Tloc           Unusable   N/A       N/A         2

Dungeon Overview and Level Annotations

Branches:
Dungeon (6/15)             Temple (1/1) D:4

Altars:
Ashenzari
Cheibriados
Dithmenos
Elyvilon
Fedhas
Gozag
Hepliaklqana
Kikubaaqudgha
Makhleb
Nemelex Xobeh
Okawaru
Qazlal
Ru
Sif Muna
Trog
Uskayaw
Vehumet
Wu Jian
Xom
Yredelemnul
Zin
The Shining One


Innate Abilities, Weirdness & Mutations

You cannot be hasted, slowed, berserked, paralysed or teleported.
You can dig through walls and to a lower floor.
You have a pair of large antennae on your head. (SInv)
Your four strong arms can wield two-handed weapons with a shield.


Message History

There is a stone staircase leading up here.
The jelly hits you. The acid corrodes you!
You are splashed with acid.
You climb upwards.
There is a stone staircase leading down here.
The jelly attacks as it pursues you! The jelly hits you.
You are splashed with acid!
* * * LOW HITPOINT WARNING * * *
The jelly attacks as it pursues you! The jelly closely misses you.
The jelly attacks as it pursues you! The jelly hits you.
* * * LOW HITPOINT WARNING * * *
You are splashed with acid!
* * * LOW HITPOINT WARNING * * *
You feel better.
You fade into invisibility!
You block the jelly's attack. The jelly barely misses you.
Press: ? - help, v - describe, . - travel
Here: a jelly The floor.
The jelly attacks as it pursues you! The jelly closely misses you.
You hit the jelly. You burn the jelly.
Your hands burn!
* * * LOW HITPOINT WARNING * * *
The jelly is moderately wounded.
A centaur comes into view.
The jelly closely misses you.
The centaur shouts!
You hit the jelly. You burn the jelly.
Your hands burn!
* * * LOW HITPOINT WARNING * * *
The jelly is heavily wounded.
The centaur shouts!
The jelly closely misses you.
The centaur wields a +0 shortbow.
The centaur shoots an arrow.
The arrow barely misses you. You block the jelly's attack.
You hit the jelly but do no damage.
Your hands burn!
* * * LOW HITPOINT WARNING * * *
The jelly is heavily wounded.
The jelly hits you.
* * * LOW HITPOINT WARNING * * *
You are splashed with acid!
You die...

....#
#>.##.#
....#
#.###.#
....# #.#
#.# ....#
#####.# #.#
....#
#.....# #.#
....#
#.#######.#
....# #.#
#.c.c.#
#####
#.###.#####
#...J@#
#######


You could see a centaur (unable to see you) and a jelly.

Vanquished Creatures
  Pikel (D:5)
  Grinder (D:3)
  Sigmund (D:4)
  Menkaure (D:4)
  4 ice beasts (D:6)
  An ogre (D:4)
  A phantom (D:4)
  2 howler monkeys (D:5)
  A bombardier beetle (D:6)
  3 hounds (D:5)
  10 jellies
  Crazy Yiuf (D:4)
  Jessica (D:2)
  4 iguanas
  Robin (D:4)
  4 gnolls (D:5)
  9 adders
  2 shadow imps
  A white imp (D:6)
  2 dart slugs
  4 orcs
  7 ball pythons
  3 bats
  16 endoplasms
  4 giant cockroaches
  11 goblins
  10 hobgoblins
  3 jackals
  5 quokkas
  2 frilled lizards
  3 kobolds
  8 rats
127 creatures vanquished.

Notes
Turn   | Place    | Note
-------+----------+-------------------------------------------
     0 | D:1      | Amaterasu the Formicid Fighter began the quest for the Orb.
     0 | D:1      | Reached XP level 1. HP: 18/18 MP: 1/1
    92 | D:1      | Reached XP level 2. HP: 19/24 MP: 2/2
   797 | D:2      | Reached XP level 3. HP: 25/29 MP: 3/3
  1187 | D:2      | Reached skill level 1 in Dodging
  1187 | D:2      | Reached XP level 4. HP: 31/37 MP: 4/4
  1470 | D:2      | Found a snail-covered altar of Cheibriados.
  1481 | D:2      | Noticed Jessica
  1485 | D:2      | Killed Jessica
  1486 | D:2      | Reached XP level 5. HP: 42/42 MP: 5/5
  1518 | D:2      | Found a faded altar of an unknown god.
  2049 | D:3      | Noticed Grinder
  2063 | D:3      | Killed Grinder
  2064 | D:3      | Reached skill level 5 in Shields
  2064 | D:3      | Reached XP level 6. HP: 23/48 MP: 6/6
  2804 | D:4      | Reached skill level 5 in Armour
  2804 | D:4      | Reached XP level 7. HP: 45/54 MP: 7/7
  2909 | D:4      | Identified the +9 mace of Grim Valour {flame, *Noise rElec
                  | Str+3 SInv}
  3084 | D:4      | Noticed Robin
  3096 | D:4      | Noticed Menkaure
  3112 | D:4      | Killed Menkaure
  3113 | D:4      | Reached skill level 5 in Axes
  3115 | D:4      | Killed Robin
  3119 | D:4      | Reached XP level 8. HP: 19/61 MP: 8/8
  3473 | D:4      | Noticed Sigmund
  3477 | D:4      | Killed Sigmund
  3496 | D:4      | Found a staircase to the Ecumenical Temple.
  3505 | Temple   | Entered the Ecumenical Temple
  3572 | Temple   | Became a worshipper of Makhleb the Destroyer
  3728 | D:4      | Found a runed translucent door.
  3729 | D:4      | Noticed Crazy Yiuf
  3831 | D:4      | Killed Crazy Yiuf
  3898 | D:5      | Entered Level 5 of the Dungeon
  4002 | D:5      | Reached skill level 5 in Fighting
  4153 | D:5      | Noticed Pikel
  4165 | D:5      | Reached skill level 1 in Invocations
  4177 | D:5      | Killed Pikel
  4178 | D:5      | Reached XP level 9. HP: 56/68 MP: 8/10
  4637 | D:5      | Found a broken altar of Ashenzari.
  5035 | D:6      | Reached * piety under Makhleb
  5329 | D:5      | Splashed by a jelly's acid

Illustrated notes

Levels and vault maps discovered:
D:1:      minmay_arrival_shattered_statue, layout_basic
D:2:      layout_basic, hellmonk_ecumenical_altar_pennies_from_heaven,
          basic_altar, serial_park_tiny_1, palyth_stone_intersect,
          hangedman_decor_riveting, kennysheep_generic_room_2, uniq_jessica
D:3:      layout_loops_ring, uniq_grinder
D:4:      layout_basic, minmay_temple_entry_gardened_gates,
          nrook_mini_backslash, minmay_fractal_squares_5,
          uniq_crazy_yiuf_cottage, uniq_robin, uniq_menkaure, uniq_sigmund
D:5:      layout_basic, mainiacjoe_overflow_alcove_1, uniq_pikel
D:6:      lemuel_slime, layout_basic, kennysheep_generic_room_4
Temple:   minmay_crystal_snake_temple

Skill      XL: |  1  2  3  4  5  6  7  8  9 |
---------------+----------------------------+-----
Armour         | 4 5 6 7 |  7.8
Dodging        | 1 2 3 |  3.8
Axes           | 3 4 5 6 |  6.1
Fighting       | 4 5 6 |  6.2
Shields        | 5 7 |  7.7
Invocations    | 2 3 |  3.0

Action                     |  1- 3 |  4- 6 |  7- 9 || total
---------------------------+-------+-------+-------++-------
  Melee: War axe           |    77 |    99 |     3 ||   179
         Mace              |       |       |   162 ||   162
    Use: Scroll            |     6 |     4 |     4 ||    14
         Potion            |       |     2 |     2 ||     4
   Stab: Invisible         |       |     1 |       ||     1
 Armour: Scale mail        |    55 |    50 |    77 ||   182
         Chain mail        |       |       |    40 ||    40
  Dodge: Dodged            |    37 |    46 |    85 ||   168
  Block: Buckler           |    22 |    28 |    52 ||   102
